 Dungeon Crawl Stone Soup version 0.30-a0-341-g682706514a (webtiles) character file.

Game seed: 14429380668335472658

25 koil the Ruffian (level 2, 0/24 HPs)
             Began as a Draconian Transmuter on Nov 4, 2022.
             Slain by Sigmund
             ... wielding a +1 scythe of flaming
              (3 damage)
             ... on level 2 of the Dungeon.
             The game lasted 00:01:34 (648 turns).

koil the Ruffian (Draconian Transmuter)              Turns: 648, Time: 00:01:34

Health: 0/24       AC:  4    Str: 12    XL:     2   Next: 86%
Magic:  4/5        EV: 12    Int: 13    God:
Gold:   94         SH:  0    Dex: 11    Spells: 4/5 levels left

rFire   . . .      SeeInvis .      - Unarmed
rCold   . . .      Faith    .    (no shield)
rNeg    . . .      Spirit   .    (body armour unavailable)
rPois   .          Reflect  .    (helmet currently unavailable)
rElec   .          Harm     .    (no cloak)
rCorr   .          Rampage  .    (no gloves)
Will    .....                    (boots currently unavailable)
Stlth   +.........               (no amulet)
HPRegen 0.24/turn                (no ring)
MPRegen 0.09/turn                (no ring)

@: appendages (expiring)
A: horns 2, talons 2, AC +4, unfitting armour, cold-blooded
a: End Transformation


You were on level 2 of the Dungeon.
You had temporarily grown beastly horns and talons.
You visited 1 branch of the dungeon, and saw 2 of its levels.

You collected 94 gold pieces.

Inventory:

Missiles
 d - 4 poisoned darts
Scrolls
 b - a scroll of vulnerability {unknown}
 c - a scroll of teleportation {unknown}
Potions
 a - a potion of lignification
 e - a potion of heal wounds {unknown}
 f - a potion of magic {unknown}
 g - a potion of invisibility {unknown}


   Skills:
 + Level 1.6 Fighting
 + Level 2.1 Dodging
 + Level 3.2 Unarmed Combat
 + Level 2.2 Spellcasting
 + Level 2.3 Transmutations


You had 4 spell levels left.
You knew the following spells:

 Your Spells              Type           Power      Damage    Failure   Level
a - Beastly Appendage     Tmut           14%        N/A       10%         1

Your spell library contained the following spells:

 Spells                   Type           Power      Damage    Failure   Level
 Wereblood                Tmut           7%         N/A       14%         2
 Spider Form              Tmut/Pois      4%         N/A       43%         3
 Ice Form                 Ice/Tmut       4%         N/A       83%         4


Dungeon Overview and Level Annotations

Branches:
Dungeon (1/15)

Altars:

Annotations:
D:2 Sigmund


Innate Abilities, Weirdness & Mutations

You have temporarily grown beastly horns and talons.
Your plain brown scales are hard. (AC +4)
You cannot fit into any form of body armour.
You are cold-blooded and may be slowed by cold attacks.


Message History

You hit the giant cockroach.
The giant cockroach is almost dead.
The giant cockroach barely misses you.
You hit the giant cockroach.
You kill the giant cockroach!
No target in view!
Found a sling.
Sigmund the Dreaded comes into view.
He is wielding a +1 scythe of flaming.
Found a white potion.
You see here a +0 sling.
g - a white potion Sigmund shouts!
Sigmund screams, "Don't try to resist!"
You grow a pair of large bovine horns.
Your feet morph into talons.
Sigmund hits you with a +1 scythe of flaming.
Sigmund burns you.
You hit Sigmund. You headbutt Sigmund.
You tail-slap Sigmund, but do no damage.
Sigmund is moderately wounded.
Your transformation is almost over.
You hit Sigmund. Your kick misses Sigmund. Your headbutt misses Sigmund.
You tail-slap Sigmund.
Sigmund is heavily wounded.
Sigmund mumbles some strange words.
Sigmund flickers and vanishes!
Deactivating autopickup; reactivate with Ctrl-A.
No target in view!
No target in view!
No target in view!
No target in view!
You hit something. Your kick misses something. Something hits you!
Something burns you.
* * * LOW HITPOINT WARNING * * *
You barely miss something. Your kick misses something. You hit something.
Your kick misses something. You headbutt something.
Something hits you but does no damage.
You miss something. Your kick misses something. Something hits you.
* * * LOW HITPOINT WARNING * * *
Something burns you.
You die...

....# ...# ...#
..# ..#
#+#.############
#.#.........{@.#
#.#.# ########.#
#.#.# #.#
#.#.##########.#
#..........)...#
#...############
#.### ##.# #..#


There were no monsters in sight!

Vanquished Creatures
  3 dart slugs (D:1)
  4 endoplasms (D:1)
  3 giant cockroaches
  A goblin (D:1)
  A hobgoblin (D:1)
  2 quokkas (D:1)
  A frilled lizard (D:1)
  A kobold (D:1)
  2 rats (D:1)
18 creatures vanquished.

Notes
Turn   | Place    | Note
-------+----------+-------------------------------------------
     0 | D:1      | koil the Draconian Transmuter began the quest for the Orb.
     0 | D:1      | Reached XP level 1. HP: 16/16 MP: 3/3
   281 | D:1      | Reached XP level 2. HP: 11/23 MP: 3/5
   575 | D:1      | You fall into a shaft and drop 1 floor!
   622 | D:2      | Noticed Sigmund
   648 | D:2      | Slain by Sigmund

Illustrated notes

Levels and vault maps discovered:
D:1:      giann_wishing_wells, layout_basic, minivault_5, hex_medium,
          columned_hall_lemuel, minmay_heptomino_d4
D:2:      layout_basic, uniq_terence, uniq_sigmund

Skill      XL: |  1  2 |
---------------+-------+-----
Dodging        | 2 |  2.1
Fighting       | |  1.6
Unarmed Combat | |  3.2
Spellcasting   | |  2.2
Transmutations | |  2.3

Action                   || total
-------------------------++-------
Melee: Unarmed           ||    55
       Tailslap          ||     9
       Punch             ||     2
       Kick              ||     5
       Headbutt          ||     5
 Cast: Beastly Appendage ||     4
Armor: Skin              ||    24
Dodge: Dodged            ||    40

Table legend: (Time is in decaauts)
 A = Elapsed time spent in this place.
 B = Non-inter-level travel time spent in this place.
 C = Inter-level travel time spent in this place.
 D = Time resting spent in this place.
 E = Time spent auto-exploring this place.
 F = Levels seen in this place.
 G = Mean time per level.
                   A        B        C        D        E       F      G
               +--------+--------+--------+--------+--------+-----+--------+
         Total |    647 |    647 |      0 |      0 |    492 |   2 |  323.5 |
       Dungeon |    647 |    647 |      0 |      0 |    492 |   2 |  323.5 |
               +--------+--------+--------+--------+--------+-----+--------+

Top non-repeatable levels by time:
     D:1: 575 daAuts
     D:2: 72 daAuts
